 Dungeon Crawl Stone Soup version 0.30.0-29-ga12c61a403 (webtiles) character file.

Game seed: 160266103245247077

865 BONEBRO the Cleaver (level 8, -2/96 HPs)
             Began as a Hill Orc Fighter on June 14, 2023.
             Slain by Pikel
             ... wielding a +1 whip of flaming
              (9 damage)
             ... on level 5 of the Dungeon.
             The game lasted 00:12:21 (3922 turns).

BONEBRO the Cleaver (Hill Orc Fighter)              Turns: 3922, Time: 00:12:22

Health: -2/96      AC:  8    Str: 21    XL:     8   Next: 3%
Magic:  8/8        EV:  9    Int:  8    God:
Gold:   241        SH:  4    Dex: 10    Spells: 7/7 levels left

rFire   . . .        a - +0 war axe
rCold   . . .        c - +0 buckler
rNeg    . . .        b - +0 scale mail
rPois   .            q - +0 helmet
rElec   .            (no cloak)
rCorr   .            (no gloves)
SInv    +            (no boots)
Will    .....        (no amulet) Stlth
                     g - ring of see invisible
HPRegen 0.36/turn    (no ring)
MPRegen 0.11/turn

%: no passive effects
@: berserking, very quick
A: no striking features
a: no special abilities


You were on level 5 of the Dungeon.
You visited 1 branch of the dungeon, and saw 5 of its levels.

You collected 241 gold pieces.

Inventory:

Hand Weapons
 a - a +0 war axe (weapon)
 t - a +0 short sword
Armour
 b - a +0 scale mail (worn)
 c - a +0 buckler (worn)
 q - a +0 helmet (worn)
 w - a +0 plate armour
Jewellery
 d - an amulet of faith
 g - a ring of see invisible (left hand)
Wands
 r - a wand of digging (7)
Scrolls
 f - a scroll of enchant armour {unknown}
 k - a scroll of fog {unknown}
 n - a scroll of butterflies {unknown}
 p - a scroll of enchant weapon {unknown}
 u - a scroll of blinking {unknown}
 y - a scroll of noise {unknown}
 z - a scroll of fear {unknown}
 A - a scroll of identify {unknown}
 B - a scroll of vulnerability {unknown}
 C - a scroll of amnesia {unknown}
Potions
 e - a potion of magic {unknown}
 h - 6 potions of curing {unknown}
 i - a potion of berserk rage
 j - a potion of degeneration {unknown}
 l - 2 potions of flight {unknown}
 m - 2 potions of haste {unknown}
 o - a potion of invisibility {unknown}
 s - a potion of attraction {unknown}
 v - a potion of lignification {unknown}
 x - a potion of resistance {unknown}
 D - a potion of mutation {unknown}


   Skills:
 - Level 3.6 Fighting
 + Level 11.7 Axes
 - Level 3.2 Armour
 - Level 3.2 Shields


You had 7 spell levels left.
You didn't know any spells.
Your spell library contained the following spells:

 Spells                   Type           Power      Damage    Failure   Level
 Blink                    Tloc           0%         N/A       91%         2
 Lesser Beckoning         Tloc           0%         N/A       91%         2
 Momentum Strike          Conj/Tloc      0%         3d8       91%         2
 Hailstorm                Conj/Ice       0%         3d3       99%         3
 Ice Form                 Ice/Tmut       0%         N/A       100%        4
 Simulacrum               Ice/Necr       0%         N/A       100%        6


Dungeon Overview and Level Annotations

Branches:
Dungeon (5/15)
 Temple: D:4-7

Altars:
The Shining One

Shops:
D:5 (

Annotations:
D:5 Pikel


Message History

Pikel is moderately wounded.
You closely miss the quokka. The quokka bites you.
Pikel hits you but does no damage.
Unknown command.
You barely miss Pikel.
Pikel is moderately wounded.
You miss the quokka. The quokka barely misses you. Pikel misses you.
You hit Pikel.
Pikel is moderately wounded.
You slash the quokka!
You kill the quokka!
Pikel hits you with a +1 whip of flaming.
Pikel burns you.
You closely miss Pikel.
Pikel is moderately wounded.
Pikel hits you but does no damage.
You barely miss Pikel.
Pikel is moderately wounded.
You slash Pikel!
Pikel is heavily wounded.
Pikel hits you with a +1 whip of flaming!
Pikel burns you.
You hit Pikel but do no damage.
Pikel is heavily wounded.
Pikel hits you with a +1 whip of flaming!
* * * LOW HITPOINT WARNING * * *
Pikel burns you.
* * * LOW HITPOINT WARNING * * *
You hit Pikel but do no damage.
Pikel is heavily wounded.
Pikel hits you with a +1 whip of flaming.
* * * LOW HITPOINT WARNING * * *
Pikel burns you.
* * * LOW HITPOINT WARNING * * *
It was a potion of berserk rage.
A red film seems to cover your vision as you go berserk!
You feel yourself moving faster!
You feel mighty!
Pikel says, "You'll feel the lick of my whip!"
Pikel hits you with a +1 whip of flaming!
You die...

...5... .5.....
....... ..... ##.g.
.# #5.# .#
#5#####.###.
...#.##K##........
#.....>@......... .
..
..#..#.#####........
.###...##.##.
#........
...###.#....
###........
.....#.#...
##....###### #####
.........# ##..####
#...# ......#.#
##..## #.###
........# #..## #.#
........#####.## #.#


You could see Pikel and 2 lemures.

Vanquished Creatures
  Grinder (D:5)
  Pargi (D:3)
  A sky beast (D:5)
  A hound (D:5)
  A jelly (D:5)
  Ijyb (D:5)
  Natasha (thrice) (D:3)
  5 iguanas
  Robin (D:2)
  4 gnolls
  6 adders
  2 worms
  3 dart slugs
  2 orcs
  3 ball pythons
  4 endoplasms
  6 giant cockroaches
  15 goblins
  6 hobgoblins
  2 jackals (D:4)
  4 quokkas
  5 bats
  6 frilled lizards
  8 kobolds
  7 rats
98 creatures vanquished.

Notes
Turn   | Place    | Note
-------+----------+-------------------------------------------
     0 | D:1      | BONEBRO the Hill Orc Fighter began the quest for the Orb.
     0 | D:1      | Reached XP level 1. HP: 19/19 MP: 1/1
    78 | D:1      | Reached skill level 3 in Axes
   104 | D:1      | Reached XP level 2. HP: 26/26 MP: 2/2
   177 | D:1      | Reached skill level 4 in Axes
   297 | D:1      | Reached XP level 3. HP: 30/31 MP: 3/3
   827 | D:1      | Reached skill level 5 in Axes
  1256 | D:2      | Reached XP level 4. HP: 39/39 MP: 4/4
  1393 | D:2      | Noticed Robin
  1436 | D:2      | Killed Robin
  1437 | D:2      | Reached skill level 6 in Axes
  1644 | D:3      | Found a glowing golden altar of the Shining One.
  1682 | D:3      | Reached XP level 5. HP: 45/45 MP: 5/5
  1769 | D:3      | Identified the +0 cloak "Situ" {rF+++ Str-3}
  1824 | D:3      | Noticed Natasha
  1831 | D:3      | Killed Natasha
  1832 | D:3      | Reached skill level 7 in Axes
  1997 | D:3      | Noticed Pargi
  2012 | D:3      | Killed Pargi
  2013 | D:3      | Reached skill level 8 in Axes
  2013 | D:3      | Reached XP level 6. HP: 32/51 MP: 6/6
  2117 | D:3      | Noticed Natasha
  2129 | D:3      | Killed Natasha
  2252 | D:3      | Noticed Natasha
  2268 | D:3      | Killed Natasha
  2604 | D:4      | Reached skill level 9 in Axes
  2960 | D:4      | Reached XP level 7. HP: 57/57 MP: 7/7
  3451 | D:5      | Entered Level 5 of the Dungeon
  3477 | D:5      | Found Mucho's Weapon Boutique.
  3527 | D:5      | Noticed Grinder
  3582 | D:5      | Reached skill level 10 in Axes
  3662 | D:5      | Killed Grinder
  3663 | D:5      | Reached skill level 11 in Axes
  3720 | D:5      | Reached XP level 8. HP: 14/64 MP: 8/8
  3899 | D:5      | Noticed Ijyb
  3911 | D:5      | Noticed Pikel
  3911 | D:5      | Killed Ijyb
  3922 | D:5      | Slain by Pikel

Illustrated notes

Levels and vault maps discovered:
D:1:      ldierk_walled_garden_2, layout_basic
D:2:      layout_loops_cross, minmay_tripent, uniq_robin
D:3:      layout_basic, mainiacjoe_overflow_paths, minivault_14, uniq_natasha,
          uniq_pargi
D:4:      layout_cave_pods, eino_curves_02
D:5:      layout_rooms, nemelex_dance_club_becter, old_standard_altar,
          overflow_temple_1_default, minmay_temple_entry_slanted, serial_shops,
          nicolae_shop_bloodbath_and_beyond, uniq_pikel, uniq_grinder,
          uniq_ijyb, uniq_crazy_yiuf_cottage

Skill      XL: |  1  2  3  4  5  6  7 |
---------------+----------------------+-----
Axes           | 3 4 5 6 8 9 11 | 11.7
Fighting       | |  3.6
Armour         | |  3.2
Shields        | |  3.2

Action                     |  1- 3 |  4- 6 |  7- 9 || total
---------------------------+-------+-------+-------++-------
  Melee: War axe           |    93 |   179 |    53 ||   325
    Use: Potion            |       |     1 |     1 ||     2
 Armour: Scale mail        |    55 |    68 |    13 ||   136
  Dodge: Dodged            |    45 |    82 |    13 ||   140
  Block: Buckler           |    16 |    40 |     8 ||    64
